 Dungeon Crawl Stone Soup version 0.20.0-7-g3b7b877 (webtiles) character file.

69 McKennaii the Sneak (level 4, 0/29 HPs)
             Began as an Octopode Assassin on May 29, 2017.
             Slain by a jackal (2 damage)
             ... on level 3 of the Dungeon.
             The game lasted 00:01:37 (1582 turns).

McKennaii the Sneak (Octopode Assassin)             Turns: 1582, Time: 00:01:38

Health: 0/29       AC:  1    Str: 10    XL:     4   Next: 20%
Magic:  4/4        EV: 15    Int: 13    God:
Gold:   173        SH:  0    Dex: 14    Spells: 3/3 levels left

rFire    . . .     SeeInvis .   a - +2 dagger
rCold    . . .     Gourm    .   (no shield)
rNeg     . . .     Faith    .   (helmet restricted)
rPois    .         Spirit   .   r - amulet of regeneration
rElec    .         Reflect  .   o - +2 ring of evasion
rCorr    .         Harm     .   (no ring)
MR       .....                  (no ring)
Stlth    ++++......             (no ring)
Regen    0.5/turn               (no ring)
MPRegen  0.1/turn               (no ring)
                                (no ring)
                                (no ring)

@: lethally poisoned (0 -> 0)
A: almost no armour, stealthy swim, amphibious, 8 rings, constrict 8, camouflage
1, gelatinous body 1
a: no special abilities


You were on level 3 of the Dungeon.
You were not hungry.

You visited 1 branch of the dungeon, and saw 3 of its levels.

You collected 173 gold pieces.

Inventory:

Hand Weapons
 a - a +2 dagger (weapon)
 b - a +0 blowgun
Missiles
 c - 8 poisoned needles
 d - 2 curare-tipped needles
 e - 5 needles of sleeping
Jewellery
 o - a +2 ring of evasion (left tentacle)
 r - an amulet of regeneration (around mantle)
Scrolls
 i - 10 scrolls of identify {unknown}
 n - a scroll of immolation {unknown}
 q - a scroll of noise {unknown}
Potions
 g - 2 potions of curing {unknown}
 j - a potion of degeneration {unknown}
 m - a potion of berserk rage {unknown}
 p - a potion of magic {unknown}
Comestibles
 f - 3 bread rations
 h - 2 chunks of flesh
 k - 2 meat rations
 l - 2 fruits


   Skills:
 + Level 2.1 Fighting
 + Level 2.7 Short Blades
 + Level 2.1 Throwing
 + Level 1.1 Dodging
 + Level 7.0 Stealth


You had 3 spell levels left.
You didn't know any spells.

Dungeon Overview and Level Annotations

Branches:
Dungeon (3/15)

Altars:
Okawaru


Innate Abilities, Weirdness & Mutations

You cannot wear most types of armour.
You are very stealthy in the water. (Stealth+)
You are amphibious.
You can wear up to eight rings at the same time.
You can use your tentacles to constrict eight enemies at once.
Your skin changes colour to match your surroundings (Stealth+).
Your rubbery body absorbs attacks. (AC +1, EV +1)


Message History

You hit the jackal. You grab the jackal.
The jackal is moderately wounded.
You constrict the jackal. x2; The jackal closely misses you. x2
The jackal bites you.
* * * LOW HITPOINT WARNING * * *
The jackal closely misses you.
You closely miss the jackal. Your grab misses the jackal.
You constrict the jackal, but do no damage.
You constrict the jackal.
You kill the jackal!
You feel sick. The jackal misses you. The jackal closely misses you.
You hit the jackal but do no damage. Your grab misses the jackal.
You constrict the jackal. The jackal closely misses you. The jackal bites you.
* * * LOW HITPOINT WARNING * * *
The jackal bites you.
* * * LOW HITPOINT WARNING * * *
You hit the jackal. You grab the jackal.
The jackal is severely wounded.
You constrict the jackal. x2; The jackal bites you.
You die...

# ##. #... #...#########
##...........#########
......)...#........?..
.........###.......#
.........h@%....# ##
.......#.h†).#..##+#### .
......##.._..##.......# #
...... #.).).#........# #
................#.....# #
##+###...###...##.....#####
#....#....###'##).....
##......#.# #.##†...).
....... #.##......


You could see 2 jackals.

Vanquished Creatures
  An adder (D:3)
  An ooze (D:2)
  An adder skeleton (D:3)
  4 leopard geckos
  An orc (D:3)
  5 bats
  2 giant cockroaches
  3 hobgoblins
  4 jackals
  11 kobolds
  A quokka (D:2)
  2 frilled lizards (D:2)
  4 goblins
  3 rats (D:2)
43 creatures vanquished.

Notes
Turn   | Place    | Note
-------+----------+-------------------------------------------
     0 | D:1      | McKennaii the Octopode Assassin began the quest for the Orb.
     0 | D:1      | Reached XP level 1. HP: 14/14 MP: 1/1
    88 | D:1      | Reached XP level 2. HP: 19/19 MP: 2/2
   257 | D:1      | Reached skill level 6 in Stealth
   698 | D:2      | Reached XP level 3. HP: 24/24 MP: 3/3
  1555 | D:3      | Found an iron altar of Okawaru.
  1567 | D:3      | Reached XP level 4. HP: 25/29 MP: 4/4
  1572 | D:3      | Reached skill level 7 in Stealth
  1582 | D:3      | Slain by a jackal

Skill      XL: |  1  2  3  4 |
---------------+-------------+-----
Stealth        | 6 7 |  7.0
Fighting       | |  2.1
Short Blades   | |  2.7
Throwing       | |  2.1
Dodging        | |  1.1

Action                   |  1- 3 |  4- 6 || total
-------------------------+-------+-------++-------
Melee: Dagger            |    59 |    12 ||    71
       Constrict         |    16 |     5 ||    21
       Tentacles         |     9 |     1 ||    10
  Use: Scroll            |     1 |       ||     1
 Stab: Sleeping          |    15 |       ||    15
  Eat: Chunk             |     2 |       ||     2
Armor: Skin              |     4 |     2 ||     6
Dodge: Dodged            |    25 |    18 ||    43
